 Dungeon Crawl Stone Soup version 0.18.1-50-g88ac8fd (webtiles) character file.

95 evildog the Chopper (level 4, -10/35 HPs)
             Began as a Formicid Fighter on Oct 26, 2016.
             Was an Initiate of Okawaru.
             Mangled by an ice beast (12 damage)
             ... on level 3 of the Dungeon.
             The game lasted 00:04:33 (4996 turns).

evildog the Chopper (Formicid Fighter)              Turns: 4996, Time: 00:04:34

Health: -10/35     AC:  7    Str: 26    XL:     4   Next: 97%
Magic:  4/4        EV:  7    Int:  8    God:    Okawaru [......]
Gold:   52         SH:  9    Dex: 10    Spells: 0 memorised, 3 levels left

rFire  . . .     SeeInvis +     a - +0 war axe
rCold  . . .     Gourm    .     b - +0 scale mail
rNeg   . . .     Faith    .     c - +0 shield
rPois  .         Spirit   .     (helmet unavailable)
rElec  .         Dismiss  .     (no cloak)
rCorr  .         Reflect  .     (no gloves)
SustAt .         Harm     .     h - +0 pair of boots
MR     .....                    (no amulet)
Stlth  ..........               (no ring)
                                (no ring)

@: mighty, heavily drained, not resistant to hostile enchantments, extremely
unstealthy
A: permanent stasis, dig shafts and tunnels, four strong arms, antennae 3
a: Dig, Shaft Self, Renounce Religion


You were on level 3 of the Dungeon.
You worshipped Okawaru.
Okawaru was noncommittal.
You were very hungry.

You visited 1 branch of the dungeon, and saw 3 of its levels.

You collected 52 gold pieces.

Inventory:

Hand Weapons
 a - a +0 war axe (weapon)
Armour
 b - a +0 scale mail (worn)
 c - a +0 shield (worn)
 h - a +0 pair of boots (worn)
Scrolls
 e - a scroll of blinking {unknown}
 j - 2 scrolls of identify {unknown}
 k - a scroll of random uselessness {unknown}
 l - a scroll of recharging {unknown}
 p - a scroll of immolation {unknown}
Potions
 m - 2 potions of heal wounds {unknown}
 n - a potion of brilliance {unknown}
 o - a potion of mutation {unknown}
Comestibles
 f - 3 bread rations
 g - 2 slices of pizza
 i - a meat ration


   Skills:
 - Level 3.2(1.5) Fighting
 + Level 4.7(2.9) Axes
 - Level 3.2(1.5) Armour
 - Level 3.6(1.8) Shields


You had 3 spell levels left.
You didn't know any spells.

Dungeon Overview and Level Annotations

Branches:
Dungeon (3/15)

Altars:
Cheibriados
Okawaru
Yredelemnul

Annotations:
D:3 evildog's ghost, amateur GrFi


Innate Abilities, Weirdness & Mutations

You are under a permanent stasis effect.
You can dig through walls and to a lower floor.
Your four strong arms can wield two-handed weapons with a shield.
You have a pair of large antennae on your head (SInv).


Message History

* * * LOW HITPOINT WARNING * * *
You barely miss the ice beast.
The ice beast is severely wounded.
The ice beast hits you but does no damage.
You hit the ice beast.
The ice beast is severely wounded.
The ice beast hits you but does no damage.
You barely miss the ice beast.
The ice beast is severely wounded.
The ice beast closely misses you.
The ice beast hits you but does no damage.
Your shield prevents you from hitting the ice beast.
The ice beast is severely wounded.
The ice beast barely misses you.
You slash the ice beast!
The ice beast is almost dead.
The ice beast hits you.
* * * LOW HITPOINT WARNING * * *
The ice beast freezes you!
You die...

... ... .... .....
##..... #####.....
......# ......##
##############.#..
.......#
##.....@Yl5w†......
.......#
#..###########...##
.......###.## ..#
...........# {.
........####
...)...## .)))..%#
{ .......# .......#


You could see an ice beast, a worm, a shadow imp and a giant newt.

Vanquished Creatures
  A shadow imp (D:2)
  An ooze (D:2)
  2 dart slugs (D:2)
  A giant gecko (D:1)
  5 orcs
  3 giant cockroaches
  2 gnoll zombies (D:2)
  6 goblins
  13 hobgoblins
  7 jackals
  8 bats
  4 giant newts
  8 kobolds
  A quokka skeleton (D:3)
  7 rats
69 creatures vanquished.

Notes
Turn   | Place    | Note
--------------------------------------------------------------
     0 | D:1      | evildog the Formicid Fighter began the quest for the Orb.
     0 | D:1      | Reached XP level 1. HP: 18/18 MP: 1/1
    89 | D:1      | Reached XP level 2. HP: 19/24 MP: 2/2
   276 | D:1      | Reached skill level 3 in Axes
   312 | D:1      | Found an iron altar of Okawaru.
   318 | D:1      | Became a worshipper of Warmaster Okawaru
   409 | D:1      | Reached XP level 3. HP: 28/29 MP: 3/3
   892 | D:2      | Found a faded altar to an unknown god.
  2213 | D:2      | Reached skill level 4 in Axes
  2213 | D:2      | Reached XP level 4. HP: 31/35 MP: 4/4
  2724 | D:2      | Found a snail-covered altar of Cheibriados.
  4061 | D:2      | Found a basalt altar of Yredelemnul.
  4252 | D:3      | Noticed evildog's ghost (amateur GrFi)
  4962 | D:3      | Noticed an ice beast
  4996 | D:3      | Mangled by an ice beast

Skill      XL: |  1  2  3 |
---------------+----------+-----
Axes           | 3 4 |  4.7
Fighting       | |  3.2
Armour         | |  3.2
Shields        | |  3.6

Action                   |  1- 3 |  4- 6 || total
-------------------------+-------+-------++-------
Melee: War axe           |   133 |    95 ||   228
  Use: Potion            |       |     1 ||     1
  Eat: Chunk             |     4 |     8 ||    12
Armor: Scale mail        |    80 |    38 ||   118
Dodge: Dodged            |    51 |    31 ||    82
Block: Shield            |    93 |    55 ||   148
